 Dungeon Crawl Stone Soup version 0.24-a0-130-ga3c21ff (webtiles) character file.

Game seed: 2599106924588122835

19603 gruber the Protected (level 12, -1/110 HPs)
             Began as a Minotaur Hunter on Feb 26, 2019.
             Was a High Priest of Okawaru.
             Succumbed to Nessos's poison
             ... on level 13 of the Dungeon.
             The game lasted 00:28:36 (17665 turns).

gruber the Protected (Minotaur Hunter)             Turns: 17665, Time: 00:28:36

Health: -1/110     AC: 11    Str: 18    XL:     12   Next: 38%
Magic:  6/11       EV: 26    Int:  8    God:    Okawaru [*****.]
Gold:   459        SH:  0    Dex: 20    Spells: 10/11 levels left

rFire    + . .     SeeInvis .   S - +5 quarterstaff (protect)
rCold    + . .     Gourm    +   (shield currently unavailable)
rNeg     . . .     Faith    .   X - +0 troll leather armour
rPois    .         Spirit   .   (helmet restricted)
rElec    .         Reflect  .   k - +0 cloak
rCorr    .         Harm     .   z - +0 pair of gloves
MR       .....                  W - +1 pair of boots
Stlth    +++.......             M - amulet of the gourmand
HPRegen  0.68/turn              L - ring of protection from cold
MPRegen  0.12/turn              R - ring of protection from fire

@: agile, lethally poisoned (-1 -> -24), studying 2 skills
A: retaliatory headbutt, horns 2
a: Heroism, Finesse, Renounce Religion


You were on level 13 of the Dungeon.
You worshipped Okawaru.
Okawaru was extremely pleased with you.
You were not hungry.

You visited 1 branch of the dungeon, and saw 13 of its levels.

You collected 543 gold pieces.
You spent 84 gold pieces at shops.

Inventory:

Hand Weapons
 a - a +1 hand crossbow
 G - a +0 blowgun
 I - a +1 dagger of venom
 S - a +5 quarterstaff of protection (weapon)
Missiles
 d - 201 bolts
 j - 8 javelins (quivered)
 o - 7 tomahawks
 H - 16 poisoned needles
 V - 7 curare-tipped needles
Armour
 k - a +0 cloak (worn)
 z - a +0 pair of gloves (worn)
 N - a +0 leather armour of cold resistance
 O - a +0 shield
 W - a +1 pair of boots (worn)
 X - a +0 troll leather armour (worn)
Jewellery
 u - an uncursed ring of positive energy
 L - a ring of protection from cold (left hand)
 M - an amulet of the gourmand (around neck)
 R - a ring of protection from fire (right hand)
 T - an uncursed ring of resist corrosion
Wands
 q - a wand of random effects (49)
 A - a wand of digging (3)
 F - a wand of polymorph (8)
 J - a wand of scattershot (9)
 P - a wand of iceblast (7)
 U - a wand of paralysis (1)
Scrolls
 b - a scroll of teleportation
 i - 3 scrolls of remove curse
 l - 2 scrolls of random uselessness {unknown}
 m - 5 scrolls of identify
 n - 2 scrolls of enchant weapon {unknown}
 p - 5 scrolls of enchant armour {unknown}
 r - 2 scrolls of fear {unknown}
 x - 2 scrolls of amnesia {unknown}
 y - 4 scrolls of fog {unknown}
 E - a scroll of blinking {unknown}
 K - a scroll of silence {unknown}
 Q - a scroll of magic mapping {unknown}
Potions
 c - 2 potions of degeneration {unknown}
 e - 3 potions of curing
 g - a potion of might {unknown}
 h - 2 potions of brilliance {unknown}
 t - 2 potions of lignification
 v - a potion of resistance
 w - a potion of agility
 C - a potion of ambrosia
 D - 4 potions of heal wounds
Books
 s - a manual of Necromancy
 B - a manual of Hexes
Comestibles
 f - 24 rations


   Skills:
 - Level 11.1 Fighting
   Level 1.4(7.3) Maces & Flails
 + Level 11.2 Staves
 - Level 9.2 Crossbows
 * Level 11.5 Armour
 - Level 11.3 Dodging
 - Level 0.7 Stealth
 - Level 0.1 Invocations


You had 10 spell levels left.
You knew the following spells:

 Your Spells              Type           Power        Failure   Level  Hunger
a - Animate Skeleton      Necr           N/A          45%         1    ##.....

Your spell library contained the following spells:

 Spells                   Type           Power        Failure   Level  Hunger
 Apportation              Tloc           #.....       45%         1    ##.....
 Confusing Touch          Hex            #.....       45%         1    ##.....
 Corona                   Hex            #......      45%         1    ##.....
 Summon Small Mammal      Summ           #...         45%         1    ##.....
 Ensorcelled Hibernation  Hex/Ice        #.....       58%         2    ###....
 Confuse                  Hex            #.......     83%         3    ####...
 Dazzling Spray           Conj/Hex       #.....       83%         3    ####...
 Tukima's Dance           Hex            #.......     83%         3    ####...


Dungeon Overview and Level Annotations

Branches:
Dungeon (13/15)            Temple (0/1) D:6            Lair (0/6) D:10
    Orc (0/2) D:9
 Vaults: D:13-14

Altars:
Fedhas
Kikubaaqudgha
Makhleb
Okawaru

Shops:
D:5 !   D:8 (

Annotations:
D:13 Nessos


Innate Abilities, Weirdness & Mutations

You reflexively headbutt those who attack you in melee.
You have a pair of horns on your head.


Message History

You feel like a meek peon again.
You feel sick.
Nessos shoots an arrow.
The arrow barely misses you.
You see here 2 arrows.
Nessos shoots an arrow.
The arrow completely misses you.
You see here an arrow.
You feel sick.
You see here 2 arrows.
You feel sick.
Your hands slow down.
Nessos unwields a +3 longbow of flaming.
It stops flaming.
Nessos misses you.
Nessos blinks!
You see here 2 arrows.
You feel sick.
You feel sick.
Nessos wields a +3 longbow of flaming.
It bursts into flame!
Nessos shoots an arrow.
The arrow hits you!!
* * * LOW HITPOINT WARNING * * *
The arrow burns you!
You are lethally poisoned!
* * * LOW HITPOINT WARNING * * *
You die...

#.# #.# ..
#.###.. #.. ...
#†# #.# #.# #.#
#(# #.# #c###.#
#(@...# #####.#
#.#############
#.........)....
##############.
#( #. ##


You could see Nessos.

Vanquished Creatures
  A hydra (D:12)
  2 two-headed ogres
  A death knight (D:12)
  A centaur warrior (D:13)
  A tengu warrior (D:10)
  Sonja (D:12)
  An unseen horror (D:11)
  A wizard (D:10)
  Pikel (D:8)
  A deep elf mage (D:13)
  An ugly thing (D:13)
  A centaur zombie (D:12)
  An elephant (D:10)
  2 centaur skeletons
  A troll (shapeshifter) (D:13)
  3 trolls
  Grinder (D:6)
  2 hornets
  3 hippogriffs
  2 shadows (D:12)
  2 wraiths
  A basilisk (D:10)
  17 yaks
  4 hungry ghosts
  Grum (D:8)
  A warg (D:9)
  3 acid dragons
  4 orc warriors
  3 sky beasts
  2 black bears
  4 necrophages
  A slave (D:8)
  An eye of draining (D:10)
  4 wolves (D:8)
  2 phantoms
  4 ogres
  9 centaurs
  A crocodile (D:10)
  A big kobold (D:7)
  8 bullfrogs
  A jelly (D:10)
  3 scorpions
  A water moccasin skeleton (D:12)
  3 wights (D:11)
  A howler monkey (D:8)
  6 crimson imps
  9 orc priests
  6 hounds
  3 bullfrog skeletons
  3 iguanas
  10 worker ants
  11 orc wizards
  3 worker ant zombies
  13 adders
  2 shadow imps
  2 adder zombies (D:6)
  2 oozes
  A worm (D:2)
  3 dart slugs
  4 leopard geckos
  40 orcs
  8 giant cockroaches
  8 goblins
  6 hobgoblins
  9 jackals
  3 quokkas
  6 ball pythons
  3 bats (D:1)
  5 frilled lizards
  A jackal zombie (D:6)
  16 kobolds
  A quokka zombie (D:6)
  15 rats
  A bush (D:6)
310 creatures vanquished.

Vanquished Creatures (others)
  A water moccasin skeleton (D:8)
  5 plants (D:6)
6 creatures vanquished.

Grand Total: 316 creatures vanquished

Notes
Turn   | Place    | Note
-------+----------+-------------------------------------------
     0 | D:1      | gruber the Minotaur Hunter began the quest for the Orb.
     0 | D:1      | Reached XP level 1. HP: 18/18 MP: 0/0
   336 | D:1      | Reached XP level 2. HP: 23/25 MP: 1/1
   391 | D:1      | Reached skill level 5 in Crossbows
   992 | D:1      | Reached XP level 3. HP: 30/30 MP: 2/2
  2150 | D:3      | Found an iron altar of Okawaru.
  2158 | D:3      | Reached XP level 4. HP: 37/37 MP: 3/3
  2164 | D:3      | Became a worshipper of Warmaster Okawaru
  2355 | D:3      | Reached skill level 1 in Maces & Flails
  2682 | D:3      | Noticed a necrophage
  3458 | D:4      | Reached XP level 5. HP: 29/42 MP: 4/4
  3877 | D:5      | Entered Level 5 of the Dungeon
  4209 | D:5      | Reached XP level 6. HP: 37/50 MP: 5/5
  4254 | D:5      | Found Guinui's Distillery.
  4416 | D:5      | Reached * piety under Okawaru
  4923 | D:5      | Reached XP level 7. HP: 44/56 MP: 6/6
  5397 | D:5      | Found an ancient bone altar of Kikubaaqudgha.
  5516 | D:5      | Bought a potion of agility for 48 gold pieces
  5516 | D:5      | Bought a potion of curing for 36 gold pieces
  5872 | D:6      | Found a staircase to the Ecumenical Temple.
  6000 | D:6      | Reached skill level 5 in Fighting
  6670 | D:6      | Reached XP level 8. HP: 27/71 MP: 4/7
  6920 | D:6      | Found a blossoming altar of Fedhas.
  6930 | D:6      | Noticed Grinder
  6946 | D:6      | Killed Grinder
  7268 | D:6      | Reached ** piety under Okawaru
  7569 | D:7      | Reached skill level 5 in Dodging
  8505 | D:8      | Reached XP level 9. HP: 83/83 MP: 8/8
  8547 | D:8      | Noticed Pikel
  8576 | D:8      | Killed Pikel
  8843 | D:8      | Found Tyl Lau's Weapon Emporium.
  8909 | D:8      | Noticed Grum
  8917 | D:8      | Reached *** piety under Okawaru
  8928 | D:8      | Killed Grum
  9458 | D:9      | Reached skill level 10 in Dodging
  9677 | D:9      | Learned a level 1 spell: Animate Skeleton
  9987 | D:9      | Found a staircase to the Orcish Mines.
 10013 | D:9      | Reached **** piety under Okawaru
 10019 | D:9      | Reached XP level 10. HP: 65/91 MP: 9/9
 10832 | D:9      | Noticed a two-headed ogre
 10851 | D:9      | Killed a two-headed ogre
 10851 | D:9      | Reached skill level 10 in Fighting
 11272 | D:10     | Entered Level 10 of the Dungeon
 11523 | D:10     | Noticed an elephant
 11524 | D:10     | Found a staircase to the Lair.
 11645 | D:10     | Reached skill level 1 in Armour
 11735 | D:10     | Reached ***** piety under Okawaru
 11741 | D:10     | Noticed a two-headed ogre
 11760 | D:10     | Received a gift from Okawaru
 11771 | D:10     | Killed a two-headed ogre
 12084 | D:10     | Killed an elephant
 12158 | D:10     | Noticed a wizard
 12202 | D:10     | Killed a wizard
 12202 | D:10     | Received a gift from Okawaru
 12202 | D:10     | Reached XP level 11. HP: 96/102 MP: 10/10
 12233 | D:10     | Found a burning altar of Makhleb.
 12478 | D:10     | Noticed a tengu warrior
 13332 | D:10     | Killed a tengu warrior
 13332 | D:10     | Received a gift from Okawaru
 13837 | D:11     | Reached skill level 1 in Staves
 13894 | D:11     | Reached skill level 10 in Armour
 14312 | D:11     | Received a gift from Okawaru
 14338 | D:11     | Noticed a two-headed ogre
 14584 | D:11     | Killed an unseen horror
 15301 | D:12     | Reached skill level 5 in Staves
 15311 | D:12     | Noticed Sonja
 15325 | D:12     | Noticed a death knight
 15328 | D:12     | Noticed an eight-headed hydra
 15789 | D:12     | Killed an eight-headed hydra
 16197 | D:12     | Paralysed by Sonja for 6 turns
 16206 | D:12     | Paralysed by Sonja for 7 turns
 16218 | D:12     | Killed Sonja
 16561 | D:12     | Killed a death knight
 16561 | D:12     | Received a gift from Okawaru
 17039 | D:13     | Noticed a deep elf mage
 17048 | D:13     | Noticed a centaur warrior
 17055 | D:13     | Killed a centaur warrior
 17055 | D:13     | Reached XP level 12. HP: 72/110 MP: 8/11
 17427 | D:13     | Reached skill level 10 in Staves
 17435 | D:13     | Received a gift from Okawaru
 17632 | D:13     | Noticed Nessos
 17664 | D:13     | HP: 1/110 [Nessos/arrow (8)]
 17665 | D:13     | Succumbed to Nessos's poison

Levels and vault maps discovered:
D:1:      evilmike_arrival_crescent, layout_loops_corners
D:2:      layout_basic, first_ration
D:3:      layout_loops_ring, minmay_misc_feat_more_columns, okawaru_gym_becter
D:4:      layout_loops_ring
D:5:      layout_loops_corners, kennysheep_mini_moat, serial_shops,
          nicolae_shop_waterfront, minmay_manual_moon
D:6:      layout_loops_corners, minmay_temple_entry_overgrown,
          fedhas_altar_decomposition, uniq_grinder
D:7:      layout_basic
D:8:      layout_basic, serial_shops, kennysheep_mini, uniq_pikel, uniq_grum
D:9:      layout_small_grid, erik_orc_4, hangedman_ranch
          [blue_anna_fruit_fields], minmay_chambers_of_fives
D:10:     minmay_the_grid_triangle_9x9_rhombus_thin_mashed
          [minmay_the_grid_triangle_9x9_sprig,
          minmay_the_grid_triangle_9x9_prize_top_heavy,
          minmay_the_grid_triangle_9x9_from_above,
          minmay_the_grid_triangle_9x9_shrine], layout_gridville,
          david_lair_generic
D:11:     layout_roguey, serial_glass, glass_columns_a, glass_columns_a
D:12:     layout_long_grid, uniq_sonja
D:13:     layout_loops_ring, grunt_ministairs_2, uniq_nessos

Skill      XL: |  1  2  3  4  5  6  7  8  9 10 11 12 |
---------------+-------------------------------------+-----
Crossbows      | 5 6 7 9 |  9.2
Maces & Flails | 1 |  1.4
Fighting       | 6 9 11 | 11.1
Dodging        | 5 10 11 | 11.3
Armour         | 7 11 | 11.5
Staves         | 9 11 | 11.2
Stealth        | |  0.7
Invocations    | |  0.1

Action                   |  1- 3 |  4- 6 |  7- 9 | 10-12 || total
-------------------------+-------+-------+-------+-------++-------
Melee: Short sword       |    46 |       |       |       ||    46
       Headbutt          |    14 |    14 |    74 |   142 ||   244
       Whip              |    35 |   158 |   186 |    37 ||   416
       Dagger            |    13 |       |   187 |   226 ||   426
       Quarterstaff      |       |       |       |   360 ||   360
 Fire: Hand crossbow     |     2 |       |       |     8 ||    10
       Blowgun           |       |       |       |     1 ||     1
Invok: Heroism           |       |     1 |     7 |    17 ||    25
       Finesse           |       |       |       |     4 ||     4
Evoke: Wand              |       |       |       |     3 ||     3
  Use: Potion            |       |     1 |     1 |     3 ||     5
       Scroll            |       |       |     5 |     3 ||     8
 Stab: Sleeping          |     3 |     1 |     3 |     1 ||     8
  Eat: Chunk             |     4 |     8 |    13 |    25 ||    50
       Ration            |       |       |     2 |     2 ||     4
Armor: Robe              |    18 |    20 |    34 |     6 ||    78
       Skin              |       |    17 |       |       ||    17
       Leather armour    |       |       |       |    82 ||    82
       Acid dragon scale |       |       |       |    70 ||    70
       Troll leather arm |       |       |       |    46 ||    46
Dodge: Dodged            |    70 |    76 |   214 |   554 ||   914

Table legend:
 A = Non-vault XP
 B = Vault XP
 C = Vault XP percentage of total XP
 D = Non-vault monster count
 E = Vault monster count
 F = Vault count percentage of total count
                 A         B        C        D         E       F
            +---------+---------+-------+---------+---------+-------
      Total |   19724 |    8281 |  29.6 |     256 |      52 |  16.9
            +---------+---------+-------+---------+---------+-------
        D:1 |      42 |       0 |   0.0 |      27 |       0 |   0.0
        D:2 |      42 |       0 |   0.0 |      13 |       0 |   0.0
        D:3 |      85 |       0 |   0.0 |      33 |       0 |   0.0
        D:4 |     127 |       0 |   0.0 |       7 |       0 |   0.0
        D:5 |     718 |      19 |   2.6 |      23 |       2 |   8.0
        D:6 |     532 |     661 |  55.4 |      13 |       8 |  38.1
        D:7 |     540 |       0 |   0.0 |      23 |       0 |   0.0
        D:8 |     504 |    1314 |  72.3 |       8 |       7 |  46.7
        D:9 |    2639 |     644 |  19.6 |      14 |      18 |  56.2
       D:10 |     866 |    4848 |  84.8 |      13 |      16 |  55.2
       D:11 |    3107 |       0 |   0.0 |      22 |       0 |   0.0
       D:12 |    3730 |     795 |  17.6 |      15 |       1 |   6.2
       D:13 |    6792 |       0 |   0.0 |      45 |       0 |   0.0
            +---------+---------+-------+---------+---------+-------
